 Dungeon Crawl Stone Soup version 0.23-a0-301-g9da9e51 (webtiles) character file.

427 Amnesiac the Digger (level 6, -18/53 HPs)
             Began as a Troll Earth Elementalist on Oct 7, 2018.
             Demolished by Pikel
             ... wielding a +1 whip of electrocution
              (19 damage)
             ... on level 4 of the Dungeon.
             The game lasted 00:07:46 (2868 turns).

Amnesiac the Digger (Troll Earth Elementalist)      Turns: 2868, Time: 00:07:48

Health: -18/53     AC:  6    Str: 17    XL:     6   Next: 65%
Magic:  0/11       EV: 10    Int: 17    God:
Gold:   154        SH:  0    Dex: 10    Spells: 5/13 levels left

rFire    . . .     SeeInvis .   b - +0 hunting sling
rCold    . . .     Gourm    +   (no shield)
rNeg     . . .     Faith    .   c - +0 robe
rPois    .         Spirit   .   (helmet restricted)
rElec    .         Reflect  .   m - +0 cloak
rCorr    .         Harm     .   (gloves unavailable)
MR       .....                  (boots unavailable)
Stlth    +.........             (no amulet)
HPRegen  0.57/turn              f - +4 ring of intelligence
MPRegen  0.12/turn              (no ring)

@: no status effects
A: large, unfitting armour, claws 3, fast metabolism 3, gourmand, regeneration
1, shaggy fur 1, tough skin 2
a: no special abilities


You were on level 4 of the Dungeon.
You were very full.

You visited 1 branch of the dungeon, and saw 4 of its levels.

You collected 154 gold pieces.

Inventory:

Hand Weapons
 b - a +0 hunting sling (weapon)
 q - a +0 blowgun
 s - a +4 quarterstaff of chaos
Missiles
 i - 8 stones (quivered)
 r - 15 poisoned needles
Armour
 c - a +0 robe (worn)
 m - a +0 cloak (worn)
Jewellery
 f - a +4 ring of intelligence (left claw)
Wands
 v - a wand of flame (18)
Scrolls
 e - 2 scrolls of immolation {!r}
 h - a scroll of blinking {!r, unknown}
 j - 2 scrolls of magic mapping {!r, unknown}
 l - a scroll of teleportation {!r}
 t - a scroll of amnesia {!r}
Potions
 a - a potion of cancellation {!q}
 g - 2 potions of haste {!q, unknown}
 k - 2 potions of magic {!q, unknown}
 n - 3 potions of flight {!q}
 p - a potion of curing {!q}
 u - a potion of heal wounds {!q, unknown}
Comestibles
 d - 5 rations


   Skills:
 - Level 1.5 Dodging
 - Level 1.0 Stealth
 * Level 4.0 Spellcasting
 - Level 0.6 Transmutations
 + Level 4.0 Earth Magic


You had 5 spell levels left.
You knew the following spells:

 Your Spells              Type           Power        Failure   Level  Hunger
a - Sandblast             Erth           ###...       3%          1    None
b - Passwall              Tmut/Erth      ##......     10%         2    ##.....
d - Lee's Rapid Deconstr  Erth           ###.......   63%         5    ######.

Your spell library contained the following spells:

 Spells                   Type           Power        Failure   Level  Hunger
 Stone Arrow              Conj/Erth      ##....       21%         3    ###....
 Petrify                  Tmut/Erth      ##......     52%         4    ####...


Dungeon Overview and Level Annotations

Branches:
Dungeon (4/15)
 Temple: D:4-7

Altars:
Fedhas
Hepliaklqana
Uskayaw

Annotations:
D:4 Pikel


Innate Abilities, Weirdness & Mutations

You are too large for most types of armour.
You have claws for hands.
Your metabolism is lightning-fast.
You like to eat raw meat.
Your natural rate of healing is unusually fast.
You are covered in fur. (AC +1)
You have very tough skin. (AC +2)


Message History

Casting: Sandblast (safe; 3% risk of failure)
Confirm with . or Enter, or press ? or * to list all spells.
Aiming: Sandblast (safe; 3% risk of failure)
Press: ? - help, Shift-Dir - straight line, f/p - Pikel
Aim: Pikel, wielding a whip of electrocution and wearing a robe (moderately The blast of sand hits Pikel.
Pikel is heavily wounded.
i - 13 stones Pikel closely misses you.
Unknown command.
Casting: Sandblast (safe; 3% risk of failure)
Confirm with . or Enter, or press ? or * to list all spells.
Aiming: Sandblast (safe; 3% risk of failure)
Press: ? - help, Shift-Dir - straight line, f/p - Pikel
Aim: Pikel, wielding a whip of electrocution and wearing a robe (heavily The blast of sand hits Pikel.
Pikel is severely wounded.
i - 12 stones Pikel hits you with a whip of electrocution.
You are electrocuted!
Casting: Sandblast (safe; 3% risk of failure)
Confirm with . or Enter, or press ? or * to list all spells.
Aiming: Sandblast (safe; 3% risk of failure)
Press: ? - help, Shift-Dir - straight line, f/p - Pikel
Aim: Pikel, wielding a whip of electrocution and wearing a robe (severely The blast of sand hits Pikel.
Pikel is severely wounded.
i - 11 stones Pikel hits you with a whip of electrocution.
You are electrocuted!
* * * LOW HITPOINT WARNING * * *
Casting: Sandblast (safe; 3% risk of failure)
Confirm with . or Enter, or press ? or * to list all spells.
Aiming: Sandblast (safe; 3% risk of failure)
Press: ? - help, Shift-Dir - straight line, f/p - Pikel
Aim: Pikel, wielding a whip of electrocution and wearing a robe (severely The blast of sand hits Pikel.
Pikel is almost dead.
i - 10 stones Pikel closely misses you.
Unknown command.
Casting: Sandblast (safe; 3% risk of failure)
Confirm with . or Enter, or press ? or * to list all spells.
Aiming: Sandblast (safe; 3% risk of failure)
Press: ? - help, Shift-Dir - straight line, f/p - Pikel
Aim: Pikel, wielding a whip of electrocution and wearing a robe (almost dead)
The blast of sand hits Pikel.
Pikel is almost dead.
i - 9 stones Pikel hits you with a whip of electrocution!
* * * LOW HITPOINT WARNING * * *
Unknown command.
Casting: Sandblast (safe; 3% risk of failure)
Confirm with . or Enter, or press ? or * to list all spells.
Aiming: Sandblast (safe; 3% risk of failure)
Press: ? - help, Shift-Dir - straight line, f/p - Pikel
Aim: Pikel, wielding a whip of electrocution and wearing a robe (almost dead)
The blast of sand hits Pikel.
Pikel is almost dead.
i - 8 stones Pikel hits you with a whip of electrocution.
* * * LOW HITPOINT WARNING * * *
You are electrocuted!
You die...

.............# #.#
..........#..# #.#
#....#...##..# ##.#
#.##.######..# #..#
..##.######..####.##
..#..#..........#.#
#...##..........#.#
...###............#
..#.......######@##
#...####.## #K#
...## #.# #p#
...#####p# #p#
......##.# #p#
.........# #p#
#.###.#pp# #.#
..###.#..# #.#
...##....# #[#


You could see Pikel and 4 slaves.

Vanquished Creatures
  Sigmund (D:2)
  A scorpion (D:4)
  An orc wizard (D:3)
  An orc priest (D:3)
  Crazy Yiuf (D:3)
  A worker ant (D:4)
  2 adders (D:2)
  An ooze (D:3)
  A worm (D:2)
  4 dart slugs (D:1)
  3 leopard geckos
  11 orcs
  8 bats
  5 goblins
  6 hobgoblins
  7 jackals
  5 kobolds
  2 quokkas (D:3)
  A ball python (D:1)
  2 frilled lizards
  4 rats
68 creatures vanquished.

Vanquished Creatures (others)
  A hobgoblin (D:3)
1 creature vanquished.

Grand Total: 69 creatures vanquished

Notes
Turn   | Place    | Note
-------+----------+-------------------------------------------
     0 | D:1      | Amnesiac the Troll Earth Elementalist began the quest for
                  | the Orb.
     0 | D:1      | Reached XP level 1. HP: 16/16 MP: 1/1
    64 | D:1      | Reached XP level 2. HP: 24/24 MP: 3/3
   480 | D:1      | Reached XP level 3. HP: 31/31 MP: 5/5
   664 | D:2      | Noticed Sigmund
   679 | D:2      | Killed Sigmund
   679 | D:2      | Reached XP level 4. HP: 12/39 MP: 0/8
   679 | D:2      | Reached XP level 5. HP: 14/45 MP: 0/9
  1339 | D:3      | Found a blossoming altar of Fedhas.
  1340 | D:3      | Found a hide-covered altar of Uskayaw.
  1348 | D:3      | Found a hazy altar of Hepliaklqana.
  1409 | D:3      | Reached XP level 6. HP: 53/53 MP: 10/10
  1413 | D:3      | Learned a level 2 spell: Passwall
  1419 | D:3      | Learned a level 5 spell: Lee's Rapid Deconstruction
  1718 | D:3      | Found a runed door.
  2336 | D:3      | Noticed Crazy Yiuf
  2341 | D:3      | Killed Crazy Yiuf
  2655 | D:4      | Noticed Pikel
  2656 | D:4      | Noticed a slave
  2691 | D:4      | Noticed a slave
  2698 | D:4      | Noticed a slave
  2768 | D:4      | Noticed a slave
  2868 | D:4      | HP: 1/53 [Pikel/whip of electrocution (4)]
  2868 | D:4      | Demolished by Pikel

Vault maps used:
D:1:      dpeg_arrival_arbitrary_b
D:2:      minivault_5, uniq_sigmund, uniq_terence
D:3:      minitemple, portal_sewer_entry_e, minmay_misc_feat_square,
          minmay_tree_intersection, st_stairs_13, nrook_mini_vaults,
          uniq_crazy_yiuf_cottage
D:4:      uniq_pikel

Skill      XL: |  1  2  3  4  5  6 |
---------------+-------------------+-----
Spellcasting   | 2 3 4 |  4.0
Earth Magic    | 3 4 |  4.0
Dodging        | |  1.5
Stealth        | |  1.0
Transmutations | |  0.6

Action                   |  1- 3 |  4- 6 || total
-------------------------+-------+-------++-------
Melee: Unarmed           |    16 |       ||    16
 Fire: Hunting sling     |    91 |   154 ||   245
 Cast: Sandblast         |     4 |    57 ||    61
  Use: Scroll            |       |     7 ||     7
  Eat: Chunk             |    12 |    18 ||    30
Armor: Robe              |    44 |    50 ||    94
Dodge: Dodged            |    46 |    91 ||   137

Table legend:
 A = Non-vault XP
 B = Vault XP
 C = Vault XP percentage of total XP
 D = Non-vault monster count
 E = Vault monster count
 F = Vault count percentage of total count
                 A         B        C        D         E       F
            +---------+---------+-------+---------+---------+-------
      Total |     345 |     265 |  43.4 |      65 |       3 |   4.4
            +---------+---------+-------+---------+---------+-------
        D:1 |      42 |       0 |   0.0 |      19 |       0 |   0.0
        D:2 |      50 |     223 |  81.7 |      14 |       1 |   6.7
        D:3 |     143 |      42 |  22.7 |      25 |       2 |   7.4
        D:4 |     110 |       0 |   0.0 |       7 |       0 |   0.0
            +---------+---------+-------+---------+---------+-------
